 Dungeon Crawl Stone Soup version 0.31-a0-1300-gb6740aa4e6 (webtiles) character file.

Game seed: 10344686744024210208

375 bmb222 the Covered (level 6, -2/47 HPs)
             Began as a Demonspawn Fighter on Dec 19, 2023.
             Slain by Pikel
             ... wielding a +2 whip of flaming
              (3 damage)
             ... on level 4 of the Dungeon.
             The game lasted 00:03:40 (2624 turns).

bmb222 the Covered (Demonspawn Fighter)             Turns: 2624, Time: 00:03:40

Health: -2/47      AC:  8    Str: 15 (18) XL:     6   Next: 44%
Magic:  0/6        EV:  9    Int:  5 (8)  God:
Gold:   106        SH:  4    Dex: 10 (13) Spells: 5/5 levels left

rFire   + . .        a - +0 flail (spect)
rCold   + . .        c - +0 buckler
rNeg    . . .        b - +1 scale mail
rPois   .            (no helmet)
rElec   .            (no cloak)
rCorr   .            (no gloves)
SInv    .            (no boots)
Will    .....        q - amulet of guardian spirit Stlth
                     g - ring of protection from cold
HPRegen 0.27/turn    j - ring of protection from fire
MPRegen 0.10/turn

%: guardian spirit
@: brilliant, weak-willed, enlightened, flying
A: condensation shield, demonic touch 1
a: no special abilities


You were on level 4 of the Dungeon.
You visited 1 branch of the dungeon, and saw 4 of its levels.

You collected 106 gold pieces.

Inventory:

Hand Weapons
 a - a +0 spectral flail (weapon)
Missiles
 p - a throwing net
Armour
 b - a +1 scale mail (worn)
 c - a +0 buckler (worn)
Jewellery
 g - a ring of protection from cold (left hand)
 j - a ring of protection from fire (right hand)
 q - an amulet of guardian spirit (around neck)
Scrolls
 i - a scroll of amnesia
 r - a scroll of identify {unknown}
 s - a scroll of silence {unknown}
Potions
 e - a potion of brilliance
 f - a potion of lignification
 h - 3 potions of degeneration


   Skills:
 + Level 3.6 Fighting
 + Level 4.0 Maces & Flails
 + Level 4.0 Armour
 + Level 0.6 Dodging
 + Level 0.1 Stealth
 + Level 4.0 Shields


You had 5 spell levels left.
You didn't know any spells.
Your spell library contained the following spells:

 Spells                   Type           Power      Damage    Failure   Level
 Magic Dart               Conj           0%         1d3       95%         1
 Blink                    Tloc           0%         N/A       98%         2
 Call Imp                 Summ           0%         N/A       98%         2
 Lesser Beckoning         Tloc           0%         N/A       98%         2
 Momentum Strike          Conj/Tloc      0%         3d8       98%         2
 Mephitic Cloud           Conj/Pois/Air  0%         N/A       100%        3


Dungeon Overview and Level Annotations

Branches:
Dungeon (4/15)
 Temple: D:4-7

Altars:
Trog

Shops:
D:1 [

Annotations:
D:4 Pikel


Innate Abilities, Weirdness & Mutations

A meltable shield of frost defends you. (SH +0)
Your touch may inflict minor irresistible damage on your foes.


Message History

You feel less wooden.
Your +0 scale mail unmelds from your body.
The lemure hits you.
You sock the lemure!
The lemure is almost dead.
The lemure hits you.
* * * LOW HITPOINT WARNING * * *
As you read the scroll labelled JEWNICS VECOIP, it crumbles to dust.
It is a scroll of amnesia.
You feel forgetful for a moment.
It was a potion of degeneration.
There was something very wrong with that liquid.
You feel weakened.
You feel dopey.
You feel clumsy.
Pikel hits you with a +2 whip of flaming.
* * * LOW HITPOINT WARNING * * *
Your condensation shield dissipates!
Pikel burns you.
It was a potion of brilliance.
You feel clever all of a sudden. Pikel closely misses you.
It was a potion of enlightenment.
You feel very buoyant.
You fly up into the air.
Pikel completely misses you.
As you read the scroll labelled MOEGHE JOIZ, it crumbles to dust.
It is a scroll of brand weapon.
Your +0 flail acquires a faint afterimage.
a - a +0 spectral flail (weapon)
Pikel hits you with a +2 whip of flaming.
* * * LOW HITPOINT WARNING * * *
Okay, then.
As you read the scroll labelled MABANU OPTEUZY, it crumbles to dust.
It is a scroll of enchant armour.
Your +0 scale mail glows green for a moment.
Pikel hits you with a +2 whip of flaming.
* * * LOW HITPOINT WARNING * * *
As you read the scroll labelled QAQUFUINUI, it crumbles to dust.
Magic quickly surges around you.
It was a scroll of vulnerability.
Pikel hits you with a +2 whip of flaming.
You die...
Pikel says, "See you in Hell!"

###### #..?...##
........## ..........#
..........############
...........g5K@.......
...........5##########
..........#...#
#..$.....####S.S..
#.[......## #####
..........#
....[.....#
..........#
..........#


You could see Pikel (weak-willed), 2 lemures and a goblin (weak-willed).

Vanquished Creatures
  A black bear (D:4)
  2 lemures (D:4)
  A scorpion (D:4)
  A hound (D:4)
  An orc priest (D:3)
  Terence (D:2)
  3 gnolls (D:2)
  5 adders
  A worm (D:2)
  5 orcs
  7 ball pythons
  4 endoplasms
  2 giant cockroaches (D:3)
  8 goblins
  6 hobgoblins
  3 quokkas
  A bat (D:2)
  2 frilled lizards
  2 kobolds (D:2)
  4 rats
60 creatures vanquished.

Notes
Turn   | Place    | Note
-------+----------+-------------------------------------------
     0 | D:1      | bmb222 the Demonspawn Fighter began the quest for the Orb.
     0 | D:1      | Reached XP level 1. HP: 18/18 MP: 1/1
   224 | D:1      | Found Dala's Armour Shop.
   577 | D:2      | Gained mutation: A meltable shield of frost defends you.
                  | (SH +0) [demonic ancestry]
   577 | D:2      | Reached XP level 2. HP: 24/24 MP: 2/2
   731 | D:2      | Reached XP level 3. HP: 17/29 MP: 3/3
   963 | D:2      | Reached XP level 4. HP: 34/35 MP: 4/4
   972 | D:2      | Noticed Terence
   978 | D:2      | Killed Terence
  1710 | D:3      | Reached XP level 5. HP: 31/41 MP: 5/5
  2476 | D:4      | Found a bloodstained altar of Trog.
  2553 | D:4      | Noticed Pikel
  2553 | D:4      | Noticed a lemure
  2564 | D:4      | Noticed a lemure
  2564 | D:4      | Noticed a black bear
  2565 | D:4      | Noticed a lemure
  2584 | D:4      | Gained mutation: Your touch may inflict minor irresistible
                  | damage on your foes. [demonic ancestry]
  2584 | D:4      | Reached XP level 6. HP: 24/47 MP: 4/6
  2623 | D:4      | HP: 1/47 [Pikel/+2 whip of flaming (3)]
  2624 | D:4      | Slain by Pikel

Illustrated notes

Levels and vault maps discovered:
D:1:      wheals_arrival_linesprint, layout_rooms, serial_forest,
          infiniplex_forest_lined_3, infiniplex_forest_lined_ring,
          infiniplex_forest_clump_long, infiniplex_forest_lined_1,
          infiniplex_forest_side_room, serial_shops, nicolae_shop_waterfront,
          nicolae_titane
D:2:      wad_crossroads, layout_basic, kennysheep_generic_room_10, uniq_terence
D:3:      layout_basic, mainiacjoe_overflow_paths
D:4:      layout_rooms, trog_three_pillars_becter,
          minmay_temple_entry_antechambers, uniq_pikel

Skill      XL: |  1  2  3  4  5  6 |
---------------+-------------------+-----
Shields        | 3 4 |  4.0
Maces & Flails | 2 3 4 |  4.0
Armour         | 3 4 |  4.0
Fighting       | |  3.6
Dodging        | |  0.6
Stealth        | |  0.1

Action                     |  1- 3 |  4- 6 || total
---------------------------+-------+-------++-------
  Melee: Flail             |    98 |   132 ||   230
    Use: Potion            |       |     5 ||     5
         Scroll            |       |     5 ||     5
 Armour: Scale mail        |    66 |    56 ||   122
         Skin              |       |    27 ||    27
  Dodge: Dodged            |    56 |    34 ||    90
  Block: Buckler           |    46 |    71 ||   117

Table legend: (Time is in decaauts)
 A = Elapsed time spent in this place.
 B = Non-inter-level travel time spent in this place.
 C = Inter-level travel time spent in this place.
 D = Time resting spent in this place.
 E = Time spent auto-exploring this place.
 F = Levels seen in this place.
 G = Mean time per level.
                   A        B        C        D        E       F      G
               +--------+--------+--------+--------+--------+-----+--------+
         Total |   2690 |   2620 |     70 |    130 |   1976 |   4 |  672.5 |
       Dungeon |   2690 |   2620 |     70 |    130 |   1976 |   4 |  672.5 |
               +--------+--------+--------+--------+--------+-----+--------+

Top non-repeatable levels by time:
     D:2: 966 daAuts
     D:3: 930 daAuts
     D:1: 632 daAuts
     D:4: 160 daAuts
